 Dungeon Crawl Stone Soup version 0.29-a0-322-g68df515428 (webtiles) character file.

Game seed: 11518689094774439919

3817 kae the Conjurer (level 10, -3/59 HPs)
             Began as a Tengu Fire Elementalist on Apr 7, 2022.
             Was a Follower of Sif Muna.
             Slain by an orc warrior
             ... wielding a +2 hand axe of freezing
              (4 damage)
             ... on level 7 of the Dungeon.
             The game lasted 00:07:10 (9745 turns).

kae the Conjurer (Tengu Fire Elementalist)          Turns: 9745, Time: 00:07:11

Health: -3/59      AC: 11    Str: 10    XL:     10   Next: 17%
Magic:  12/19      EV: 19    Int: 19    God:    Sif Muna [*.....]
Gold:   409        SH:  5    Dex: 16    Spells: 7/20 levels left

rFire   + . .      SeeInvis .   t - +3 long sword "Heunn" {vorpal, Fragile rC+ rN+ Str+2}
rCold   . . .      Faith    .   y - +0 buckler
rNeg    + . .      Spirit   .   v - +0 swamp dragon scales
rPois   +          Reflect  .   (helmet restricted)
rElec   .          Harm     .   q - +1 cloak
rCorr   .          Rampage  .   (no gloves)
Will    .....                   (boots unavailable)
Stlth   +.........              (no amulet)
HPRegen 0.19/turn               d - +4 ring of evasion
MPRegen 0.16/turn               u - ring of fire

@: flying quickly and evasively, quick
A: beak, talons 3, nimble flight
a: Renounce Religion, Channel Magic


You were on level 7 of the Dungeon.
You worshipped Sif Muna.
Sif Muna was aware of your devotion.
You visited 2 branches of the dungeon, and saw 8 of its levels.
You also visited: Sewer.

You collected 409 gold pieces.

Inventory:

Hand Weapons
 c - a +0 vorpal dagger
 f - a +2 dagger of speed
 t - the +3 long sword "Heunn" (weapon) {vorpal, Fragile rC+ rN+ Str+2}
   (You found it on level 6 of the Dungeon)

   It inflicts extra damage upon your enemies.
   Str:       It affects your strength (+2).
   rC:        It protects you from cold.
   rN:        It protects you from negative energy.
   Fragile:   It will be destroyed if unequipped.
Armour
 a - a +0 robe
 q - a +1 cloak (worn)
 v - +0 swamp dragon scales (worn)
 y - a +0 buckler (worn)
Jewellery
 d - a +4 ring of evasion (left hand)
 h - a ring of willpower
 u - a ring of fire (right hand)
Wands
 e - a wand of paralysis (6)
Scrolls
 g - 3 scrolls of teleportation
 l - a scroll of brand weapon
 o - a scroll of immolation
 s - a scroll of amnesia
 z - a scroll of identify
Potions
 b - a potion of magic
 i - 3 potions of degeneration
 j - 2 potions of mutation
 k - 2 potions of attraction
 m - 2 potions of curing
 n - 3 potions of haste
 p - a potion of lignification
 r - 3 potions of flight {unknown}
 w - a potion of heal wounds {unknown}
 x - a potion of might


   Skills:
 + Level 5.4 Fighting
 + Level 6.0 Armour
 + Level 6.6 Dodging
 - Level 2.0 Stealth
 + Level 2.7 Shields
 + Level 5.6 Spellcasting
 + Level 7.4 Conjurations
 + Level 7.1 Fire Magic


You had 7 spell levels left.
You knew the following spells:

 Your Spells              Type           Power      Damage    Failure   Level
a - Foxfire               Conj/Fire      100%       2x1d9     1%          1
b - Scorch                Fire           96%        2d9       3%          2
c - Conjure Flame         Conj/Fire      49%        6-21      5%          3
d - Inner Flame           Hex/Fire       28%        N/A       26%         3
e - Flame Wave            Conj/Fire      49%        2d10      19%         4

Your spell library contained the following spells:

 Spells                   Type           Power      Damage    Failure   Level
 Static Discharge         Conj/Air       19%        N/A       12%         2
 Animate Skeleton         Necr           10%        N/A       36%         1
 Apportation              Tloc           10%        N/A       36%         1
 Summon Small Mammal      Summ           20%        N/A       36%         1
 Mephitic Cloud           Conj/Pois/Air  14%        N/A       36%         3
 Ignite Poison            Fire/Tmut/Pois 21%        N/A       38%         3
 Tukima's Dance           Hex            5%         N/A       73%         3
 Lightning Bolt           Conj/Air       9%         1d22      91%         5
 Anguish                  Hex/Necr       2%         N/A       98%         4
 Cause Fear               Hex            2%         N/A       98%         4
 Freezing Cloud           Conj/Ice/Air   7%         6-21      98%         5
 Enfeeble                 Hex            2%         N/A       100%        7
 Discord                  Hex            2%         N/A       100%        8
 Maxwell's Capacitive Co  Air            2%         ∞         100%        8


Dungeon Overview and Level Annotations

Branches:
Dungeon (7/15)             Temple (1/1) D:7           Sewer (visited)

Altars:
Ashenzari
Cheibriados
Dithmenos
Elyvilon
Fedhas
Gozag
Hepliaklqana
Kikubaaqudgha
Makhleb
Okawaru
Qazlal
Ru
Sif Muna
Trog
Uskayaw
Wu Jian
Yredelemnul
Zin
The Shining One

Shops:
D:1 (   D:7 *


Innate Abilities, Weirdness & Mutations

You have a beak for a mouth.
You have claws for feet.
Your magical nature lets you fly swiftly and evasively.


Message History

You are too injured to fight recklessly!
You are too injured to fight recklessly!
The orc priest mumbles some strange prayers to Beogh against you.
Beogh smites you!
An orc comes into view. It is wielding a +3 whip.
Items here: )) [[ †.
Casting: Scorch (safe; 3% risk of failure)
Confirm with . or Enter, or press ? or * to list all spells.
You feel a surge of power!
Flames lash the orc.
You kill the orc!
Sif Muna accepts your kill.
The orc priest invokes the aid of Beogh against you.
You struggle to resist.
Casting: Scorch (safe; 3% risk of failure)
Confirm with . or Enter, or press ? or * to list all spells.
You feel a surge of power!
Flames lash the orc priest.
You kill the orc priest!
Sif Muna accepts your kill.
The orc priest calls down the wrath of Beogh upon you.
You struggle to resist.
Casting: Scorch (safe; 3% risk of failure)
Confirm with . or Enter, or press ? or * to list all spells.
You feel a surge of power!
Flames lash the orc.
You kill the orc!
Sif Muna accepts your kill.
An orc comes into view. It is wielding a +0 hand axe.
Casting: Scorch (safe; 3% risk of failure)
Confirm with . or Enter, or press ? or * to list all spells.
You feel a surge of power!
Flames lash the orc warrior.
The orc warrior is lightly wounded.
The orc warrior's fire resistance burns away.
The orc warrior hits you with a +2 hand axe of freezing!
* * * LOW HITPOINT WARNING * * *
The orc warrior freezes you.
* * * LOW HITPOINT WARNING * * *
The orc priest invokes the aid of Beogh against you.
Beogh smites you!
* * * LOW HITPOINT WARNING * * *
The orc warrior hits you with a +2 hand axe of freezing.
You die...

.........#
#
########.#
# #.### ##
#
#.##.###o##
#
#.#8.#.#.8#
#
#.##.....#
#
#..#..)).#
#
##.###)###
# #.@ooo# #
####### # #
# # #


You could see an orc warrior (combustible), an orc priest and an orc.

Vanquished Creatures
  A gargoyle (D:6)
  Maggie (D:6)
  Grinder (Sewer)
  2 water moccasins
  A black bear (D:5)
  3 sky beasts
  3 centaurs
  An ogre (D:4)
  2 ice beasts
  2 kobold brigands (Sewer)
  2 phantoms
  A bullfrog (D:7)
  8 necrophages
  4 scorpions
  4 killer bees (D:7)
  A quasit (Sewer)
  3 jellies
  2 gnoll shamans
  4 orc priests
  2 hounds
  3 iguanas
  2 orc wizards
  A mummy (D:6)
  9 gnolls
  2 howler monkey zombies (D:6)
  5 adders
  3 shadow imps (Sewer)
  A white imp (D:6)
  6 ufetubi (Sewer)
  A worm (D:2)
  3 dart slugs
  6 orcs (D:7)
  A bat zombie (Sewer)
  6 endoplasms
  5 giant cockroaches
  9 goblins
  3 hobgoblins
  5 jackals
  25 kobolds
  A quokka (D:2)
  4 ball pythons
  10 bats
  10 frilled lizards
  A giant cockroach zombie (Sewer)
  9 rats
179 creatures vanquished.

Vanquished Creatures (others)
  A bush (D:6)
  262 foxfires
  16 plants
279 creatures vanquished.

Grand Total: 458 creatures vanquished

Notes
Turn   | Place    | Note
-------+----------+-------------------------------------------
     0 | D:1      | kae the Tengu Fire Elementalist began the quest for the
                  | Orb.
     0 | D:1      | Reached XP level 1. HP: 10/10 MP: 4/4
   395 | D:1      | Reached XP level 2. HP: 15/15 MP: 3/6
   638 | D:1      | Found a faded altar of an unknown god.
  1038 | D:1      | Found Wuucvu's Antique Weapon Emporium.
  1419 | D:2      | Reached XP level 3. HP: 20/20 MP: 3/7
  1503 | D:2      | Reached skill level 1 in Armour
  1514 | D:2      | Learned a level 2 spell: Scorch
  1518 | D:2      | Learned a level 3 spell: Conjure Flame
  1587 | D:2      | Reached skill level 1 in Fighting
  1690 | D:2      | Found an ornate altar of the Wu Jian Council.
  2231 | D:3      | Reached XP level 4. HP: 25/25 MP: 6/8
  3630 | D:4      | Noticed a scorpion
  3635 | D:4      | Killed a scorpion
  3636 | D:4      | Gained mutation: Your magical nature lets you fly swiftly
                  | and evasively. [Tengu growth]
  3636 | D:4      | Reached XP level 5. HP: 30/30 MP: 4/10
  3741 | D:4      | Found a shadowy altar of Dithmenos.
  3862 | D:4      | Noticed an ogre
  3871 | D:4      | Killed an ogre
  3872 | D:4      | Reached XP level 6. HP: 14/35 MP: 3/11
  4343 | D:5      | Entered Level 5 of the Dungeon
  4669 | D:4      | Reached XP level 7. HP: 32/40 MP: 6/12
  5464 | D:4      | Reached skill level 5 in Fire Magic
  5584 | D:5      | Reached XP level 8. HP: 46/46 MP: 4/14
  6177 | D:6      | Found a burning altar of Makhleb.
  6236 | D:6      | Identified the +3 long sword "Heunn" {vorpal, Fragile rC+
                  | rN+ Str+2}
  6252 | D:6      | Noticed Maggie
  6257 | D:6      | Reached skill level 5 in Conjurations
  6267 | D:6      | Killed Maggie
  6268 | D:6      | Reached skill level 5 in Dodging
  6334 | D:6      | Found an ornate altar of the Wu Jian Council.
  6371 | D:6      | Found an ancient bone altar of Kikubaaqudgha.
  6449 | D:6      | Noticed a gargoyle
  6458 | D:6      | Killed a gargoyle
  6459 | D:6      | Reached XP level 9. HP: 31/52 MP: 8/17
  6634 | D:6      | Found a glowing drain.
  6640 | Sewer    | Entered a sewer
  6880 | Sewer    | Reached skill level 5 in Armour
  6902 | Sewer    | Found a burning altar of Makhleb.
  6941 | Sewer    | Noticed Grinder
  6949 | Sewer    | Paralysed by Grinder for 7 turns
  6964 | Sewer    | Paralysed by Grinder for 7 turns
  6976 | Sewer    | Killed Grinder
  6977 | Sewer    | Reached skill level 5 in Spellcasting
  7563 | D:6      | Found a snail-covered altar of Cheibriados.
  7852 | D:6      | Found a blossoming altar of Fedhas.
  8233 | D:6      | Reached skill level 1 in Shields
  8260 | D:6      | Reached skill level 5 in Fighting
  8443 | D:7      | Found Zin's Purification Station.
  8447 | D:7      | Found a glowing silver altar of Zin.
  8462 | D:7      | Found a staircase to the Ecumenical Temple.
  8477 | Temple   | Entered the Ecumenical Temple
  8602 | Temple   | Became a worshipper of Sif Muna the Loreminder
  8790 | D:7      | Reached XP level 10. HP: 59/59 MP: 14/19
  9422 | D:7      | Learned a level 3 spell: Inner Flame
  9427 | D:7      | Learned a level 4 spell: Flame Wave
  9727 | D:7      | Reached * piety under Sif Muna
  9744 | D:7      | HP: 1/59 [orc priest/divine providence (10)]
  9745 | D:7      | Slain by an orc warrior

Illustrated notes

Levels and vault maps discovered:
D:1:      grunt_arrival_lava_bath, layout_basic, serial_shops, shop,
          shapermc_ecumenical_altar_petra, minmay_tree_intersection,
          st_stairs_4, dreamdust_mushroom_princess
D:2:      layout_rooms, basic_altar, kennysheep_crisscross
D:3:      layout_basic, minmay_lizard_king
D:4:      layout_cave_pods, grunt_dithmenos_smoke_and_mirrors
D:5:      layout_rooms
D:6:      layout_basic, mainiacjoe_overflow_alcove_4, bloody_makhleb,
          fedhas_altar_decomposition, kiku_gazebo_garden_becter, slow_altar_2,
          portal_sewer_entry_e, minmay_microvault, uniq_maggie
D:7:      layout_basic, zin_purify, minmay_temple_entry_proselytizer,
          gammafunk_ghost_necromancy, pf_guarded_unrand_meek
Temple:   hc_temple_tempest_star

Skill      XL: |  1  2  3  4  5  6  7  8  9 10 |
---------------+-------------------------------+-----
Armour         | 1 2 3 4 5 6 |  6.0
Conjurations   | 2 3 4 6 7 |  7.4
Fighting       | 1 2 3 4 5 |  5.4
Dodging        | 3 4 5 6 |  6.6
Fire Magic     | 4 5 6 7 |  7.1
Spellcasting   | 3 4 5 |  5.6
Shields        | 2 |  2.7
Stealth        | |  2.0

Action                   |  1- 3 |  4- 6 |  7- 9 | 10-12 || total
-------------------------+-------+-------+-------+-------++-------
Melee: Dagger            |    42 |    23 |     1 |       ||    66
       Kick              |     3 |     2 |    46 |     9 ||    60
       Peck              |     4 |     2 |    31 |     5 ||    42
       Punch             |     1 |       |     2 |       ||     3
       Long sword        |       |       |   161 |    27 ||   188
 Cast: Foxfire           |    66 |    32 |    47 |    14 ||   159
       Scorch            |     1 |    25 |    46 |    22 ||    94
       Conjure Flame     |       |       |     4 |     3 ||     7
  Use: Scroll            |     9 |     1 |     6 |       ||    16
       Potion            |       |       |     5 |       ||     5
 Stab: Sleeping          |     1 |       |       |       ||     1
Armor: Robe              |     8 |     9 |     5 |       ||    22
       Swamp dragon scal |       |       |    76 |    17 ||    93
       Skin              |       |       |    17 |       ||    17
Dodge: Dodged            |    36 |    55 |   305 |    75 ||   471
Block: Buckler           |       |       |    34 |    19 ||    53

Table legend: (Time is in decaauts)
 A = Elapsed time spent in this place.
 B = Non-inter-level travel time spent in this place.
 C = Inter-level travel time spent in this place.
 D = Time resting spent in this place.
 E = Time spent auto-exploring this place.
 F = Levels seen in this place.
 G = Mean time per level.
                   A        B        C        D        E       F      G
               +--------+--------+--------+--------+--------+-----+--------+
         Total |   9568 |   9297 |    271 |   1252 |   6253 |   9 | 1063.1 |
       Dungeon |   8739 |   8492 |    247 |   1207 |   5713 |   7 | 1248.4 |
        Temple |    122 |     98 |     24 |      0 |     87 |   1 |  122.0 |
         Sewer |    706 |    706 |      0 |     45 |    452 |   1 |  706.0 |
               +--------+--------+--------+--------+--------+-----+--------+

Top non-repeatable levels by time:
     D:4: 1852 daAuts
     D:6: 1469 daAuts
     D:1: 1349 daAuts
     D:7: 1192 daAuts
     D:3: 1127 daAuts
     D:5: 917 daAuts
     D:2: 831 daAuts
   Sewer: 706 daAuts
  Temple: 122 daAuts
